 Dungeon Sprint DCSS version 0.16-a0-3873-g452e4d5 (webtiles) character file.

72 PolkaDot the Caller (level 4, -1/34 HPs)
             Began as a Vampire Summoner on Feb 1, 2015.
             Was an Initiate of Sif Muna.
             Killed by a malign offering
             ... invoked by a deep elf priest
              (8 damage)
             ... in the Dungeon (Sprint III: "The Ten Rune Challenge").
             The game lasted 00:04:13 (955 turns).

PolkaDot the Caller (Vampire Summoner)               Turns: 955, Time: 00:04:13

Health: -1/34      AC:  2    Str:  7    XL:     4   Next: 6%
Magic:  4/9        EV: 12    Int: 18    God:    Sif Muna [......]
Gold:   13         SH:  0    Dex: 14    Spells: 3 memorised, 3 levels left

rFire  . . .     SeeInvis +     c - +0 whip
rCold  . . .     Clarity  .     a - +0 robe
rNeg   + . .     SustAb   .     (no shield)
rPois  .         Gourm    .     (no helmet)
rElec  .         Spirit   .     (no cloak)
rCorr  .         Warding  .     (no gloves)
rMut   .         NoTele   +     (no boots)
MR     .....                    (no amulet)
Stlth  ++........               (no ring)
                                (no ring)

@: very slightly contaminated, not resistant to hostile enchantments, unstealthy
A: bottle blood, fangs 3, see invisible, unbreathing
a: Bat Form, Renounce Religion


You were in the Dungeon.
You worshipped Sif Muna.
Sif Muna was noncommittal.
You were not thirsty.

You visited 1 branch You collected 13 gold pieces.

Inventory:

Hand weapons
 c - a +0 whip (weapon)
Armour
 a - a +0 robe (worn)
Potions
 g - 2 potions of magic
 h - a potion of berserk rage
Books
 b - a book of Callings

   Spells                             Type                      Level
   a - Summon Small Mammal            Summoning                    1
   b - Call Imp                       Summoning                    2
   c - Call Canine Familiar           Summoning                    3
   d - Summon Guardian Golem          Hexes/Summoning              4
   e - Summon Lightning Spire         Summoning/Air                4
   f - Summon Ice Beast               Ice/Summoning                4
 e - a book of Hinderance

   Spells                             Type                      Level
   a - Confusing Touch                Hexes                        2
   b - Confuse                        Hexes                        3
   c - Petrify                        Transmutation/Earth          4
   d - Metabolic Englaciation         Hexes/Ice                    5
   e - Summon Mana Viper              Hexes/Summoning              5
   f - Gell's Gravitas                Hexes/Translocation          6


   Skills:
 + Level 2.9 Fighting
 - Level 2.1 Dodging
 - Level 3.0 Stealth
 - Level 3.3 Spellcasting
 * Level 7.6 Summonings


You had 3 spell levels left.
You knew the following spells:

 Your Spells              Type           Power        Failure   Level  Hunger
d - Call Canine Familiar  Summ           ####....     1%          3    ###....
s - Call Imp              Summ           ####....     1%          2    ##.....
z - Summon Small Mammal   Summ           ####         1%          1    None


Dungeon Overview and Level Annotations

Branches:
Dungeon (1/1)

Altars:
Elyvilon
Kikubaaqudgha
Sif Muna
Vehumet
Zin
The Shining One


Innate Abilities, Weirdness & Mutations

You can bottle blood from corpses.
You have razor-sharp teeth.
You have supernaturally acute eyesight.
You can survive without breathing.


Message History

Your hound bites the deep elf priest.
Your crimson imp hits the deep elf priest.
Your hound closely misses the deep elf priest.
There is an open door here.
Drink which item? (? for menu, Esc to quit)
Okay, then.
Read which item? (? for menu, Esc to quit)
Blink to where?
Press: ? - help, Dir - move target cursor You are very lightly contaminated with residual magic.
As you read the scroll of blinking, it crumbles to dust.
You close the door.
You start resting.
Something unseen opens the door.
You start resting.
Casting: Call Canine Familiar
Confirm with . or Enter, or press ? or * to list all spells.
The deep elf priest utters a dark prayer and points at you.
Your life force is offered up.
You die...

▓▓▓ ▓▓▓ ▓▓▓ <.# +.... ♣.#####
..# #.... ♣.#5_e# #+####....♣
♣.#!..# .....#....≈♣♣♣
♣.###'#+###+##
.....#...≈≈♣.♣♣♣@#.§........#
.....#..≈≈≈≈♣.h..e.⌠........#
####'#..≈≈≈≈≈≈♣♣.#...######+#
.....#.≈≈≈≈≈≈....#.⌠.#
.....#.≈≈≈≈≈.....#...#
.....#.≈≈≈.......#'###
'#####...........#...#
.................#___#
▓▓▓▓▓▓▓▓▓▓▓▓▓▓▓▓▓▓▓▓▓▓


You could see a deep elf priest and a friendly hound.

Vanquished Creatures
  A phantom (D)
  An ooze (D)
  2 rats (D)
4 creatures vanquished.

Vanquished Creatures (collateral kills)
  A water elemental (D)
  A kobold demonologist (D)
  A human (D)
  An ooze (D)
4 creatures vanquished.

Vanquished Creatures (others)
  2 draconian scorchers (D)
  An electric eel (D)
  A hound (D)
  A bat (D)
  2 rats (D)
  2 plants (D)
9 creatures vanquished.

Grand Total: 17 creatures vanquished

Notes
Turn   | Place    | Note
--------------------------------------------------------------
     0 | D        | PolkaDot, the Vampire Summoner, began the quest for the Orb.
     0 | D        | Reached XP level 1. HP: 13/13 MP: 3/3
   329 | D        | Reached skill level 5 in Summonings
   329 | D        | Reached XP level 2. HP: 7/19 MP: 1/6
   445 | D        | Killed a white draconian scorcher
   536 | D        | Learned a level 2 spell: Call Imp
   553 | D        | Killed a white draconian scorcher
   642 | D        | Noticed a water elemental
   648 | D        | Killed a water elemental
   648 | D        | Reached skill level 7 in Summonings
   648 | D        | Reached XP level 3. HP: 14/28 MP: 2/8
   808 | D        | Found a radiant altar of Vehumet.
   808 | D        | Found a deep blue altar of Sif Muna.
   808 | D        | Found an ancient bone altar of Kikubaaqudgha.
   808 | D        | Noticed a wizard
   828 | D        | Reached XP level 4. HP: 23/34 MP: 5/9
   830 | D        | Became a worshipper of Sif Muna the Loreminder
   914 | D        | Killed an electric eel
   930 | D        | Found a glowing silver altar of Zin.
   930 | D        | Found a glowing golden altar of the Shining One.
   930 | D        | Found a white marble altar of Elyvilon.
   931 | D        | Noticed a deep elf priest
   937 | D        | Learned a level 3 spell: Call Canine Familiar
   955 | D        | Killed from afar by a deep elf priest

Action                   |  1- 3 |  4- 6 || total
-------------------------+-------+-------++-------
Melee: Whip              |    36 |     1 ||    37
       Unarmed           |     7 |       ||     7
 Cast: Summon Small Mamm |     9 |       ||     9
       Call Imp          |     7 |       ||     7
       Call Canine Famil |       |     2 ||     2
  Use: Potion            |     3 |     1 ||     4
       Scroll            |       |     1 ||     1
 Stab: Distracted        |     2 |       ||     2
       Sleeping          |       |     1 ||     1
